 Dungeon Crawl Stone Soup version 0.21-a0-251-g5e8393f (webtiles) character file.

280 KristoblXynda the Chopper (level 6, 0/52 HPs)
             Began as a Naga Gladiator on Sept 5, 2017.
             Slain by an orc wizard
             ... wielding a +0 dagger
              (1 damage)
             ... on level 3 of the Dungeon.
             The game lasted 00:05:08 (2590 turns).

KristoblXynda the Chopper (Naga Gladiator)          Turns: 2590, Time: 00:05:09

Health: 0/52       AC:  5    Str: 17    XL:     6   Next: 27%
Magic:  6/6        EV: 10    Int:  9    God:
Gold:   110        SH:  0    Dex: 13    Spells: 5/5 levels left

rFire    . . .     SeeInvis +   a - +0 war axe
rCold    . . .     Gourm    .   (no shield)
rNeg     . . .     Faith    .   n - +0 ring mail (curse)
rPois    +         Spirit   .   c - +0 helmet
rElec    .         Reflect  .   (no cloak)
rCorr    .         Harm     .   (no gloves)
MR       .....                  (no barding)
Stlth    +.........             (no amulet)
HPRegen  0.17/turn              (no ring)
MPRegen  0.10/turn              (no ring)

@: confused, short of breath, very slow
A: see invisible, deformed body, poison resistance, slowness 2, slow metabolism
1, spit poison 1, AC +2
a: Spit Poison


You were on level 3 of the Dungeon.
You were not hungry.

You visited 1 branch of the dungeon, and saw 3 of its levels.

You collected 110 gold pieces.

Inventory:

Hand Weapons
 a - a +0 war axe (weapon)
Missiles
 d - 3 throwing nets (quivered)
 g - 3 javelins
Armour
 c - a +0 helmet (worn)
 n - a cursed +0 ring mail (worn)
 r - a +0 scale mail
Jewellery
 s - an uncursed amulet of the gourmand {unknown}
Scrolls
 e - 2 scrolls of enchant armour {unknown}
 h - a scroll of enchant weapon {unknown}
 j - a scroll of identify {unknown}
 k - a scroll of magic mapping {unknown}
 p - a scroll of recharging {unknown}
Potions
 i - a potion of invisibility {unknown}
 l - a potion of heal wounds {unknown}
 m - a potion of lignification
Comestibles
 b - a royal jelly
 f - 6 bread rations
 o - a meat ration


   Skills:
 - Level 2.0 Fighting
 * Level 5.2 Axes
 - Level 1.7 Throwing
 + Level 1.5 Armour
 - Level 3.0 Dodging
 + Level 4.1 Stealth


You had 5 spell levels left.
You didn't know any spells.

Dungeon Overview and Level Annotations

Branches:
Dungeon (3/15)

Altars:
Fedhas
Hepliaklqana
Nemelex Xobeh
Okawaru
Qazlal
Vehumet
Xom
Yredelemnul
Zin


Innate Abilities, Weirdness & Mutations

You cannot wear boots.
Your serpentine skin is tough. (AC +2)
You have supernaturally acute eyesight. (SInv)
Armour fits poorly on your strangely shaped body.
Your system is resistant to poisons. (rPois)
You cover ground very slowly.
You have a slow metabolism.
You can spit poison.


Message History

The orc wizard closely misses you.
The orc wizard hits you but does no damage.
You barely miss the orc wizard.
The orc wizard is almost dead.
You closely miss the orc wizard.
The orc wizard hits you but does no damage.
The orc wizard points at you and mumbles some strange words.
You are confused.
Unknown command.
You're too confused to move!
The orc wizard barely misses you. The orc wizard casts a spell at you.
The magic dart hits you!
* * * LOW HITPOINT WARNING * * *
Unknown command.
Your ring mail prevents you from hitting the orc wizard.
The orc wizard is almost dead.
You hit the orc wizard.
You kill the orc wizard!
The orc wizard hits you with a dagger.
You die...

.######.##### #..####
............## #...##.
####.........### ###.#.##.
#...........##########........
#........##.............##.##.
#.............#########.##.##.
#........#......)..^###.##.###
#.........##.######(.)(.##..#.
#........(..>..@o...###(..##....
#....########.##)....#>.#.......
#....# #...o......#..##..†.
#.... ###....).....##....# #....
#....%............ #..
##...........###.#
#........##### #(# #........#
#.. #......... #.#


You could see an orc wizard (invisible) and an orc.

Vanquished Creatures
  The ghost of Nattefrost the Poker, an amateur MfGl (D:3)
  Terence (D:3)
  An orc wizard (D:3)
  3 adders (D:3)
  An ooze (D:3)
  A worm (D:2)
  2 dart slugs
  4 leopard geckos
  3 orcs (D:3)
  5 bats
  4 giant cockroaches
  8 goblins
  4 hobgoblins
  3 jackals
  8 kobolds
  A ball python (D:3)
  5 frilled lizards
  9 rats
64 creatures vanquished.

Vanquished Creatures (others)
  3 jackals (D:2)
  A kobold (D:2)
4 creatures vanquished.

Grand Total: 68 creatures vanquished

Notes
Turn   | Place    | Note
-------+----------+-------------------------------------------
     0 | D:1      | KristoblXynda the Naga Gladiator began the quest for the Orb.
     0 | D:1      | Reached XP level 1. HP: 19/19 MP: 1/1
   387 | D:1      | Reached XP level 2. HP: 23/26 MP: 2/2
   401 | D:1      | Reached skill level 1 in Stealth
   571 | D:1      | Reached XP level 3. HP: 20/32 MP: 3/3
  1241 | D:2      | Found a stormy altar of Qazlal.
  1267 | D:2      | Found a shimmering altar of Xom.
  1268 | D:2      | Found a hazy altar of Hepliaklqana.
  1268 | D:2      | Noticed a torpor snail
  1269 | D:2      | Noticed a torpor snail
  1269 | D:2      | Noticed a spectral ugly thing
  1330 | D:2      | Found a radiant altar of Vehumet.
  1669 | D:2      | Found a sparkling altar of Nemelex Xobeh.
  1670 | D:2      | Found a basalt altar of Yredelemnul.
  2021 | D:2      | Found a glowing silver altar of Zin.
  2021 | D:2      | Found a blossoming altar of Fedhas.
  2023 | D:2      | Found an iron altar of Okawaru.
  2182 | D:3      | Noticed Terence
  2192 | D:3      | Killed Terence
  2192 | D:3      | Reached skill level 4 in Axes
  2192 | D:3      | Reached XP level 4. HP: 37/39 MP: 4/4
  2360 | D:3      | Noticed Nattefrost's ghost (amateur MfGl)
  2392 | D:3      | Killed Nattefrost's ghost
  2392 | D:3      | Reached skill level 5 in Axes
  2392 | D:3      | Reached skill level 1 in Armour
  2392 | D:3      | Reached XP level 5. HP: 28/45 MP: 5/5
  2392 | D:3      | Reached XP level 6. HP: 32/52 MP: 6/6
  2589 | D:3      | HP: 1/52 [orc wizard/magic dart (6)]
  2590 | D:3      | Slain by an orc wizard

Vault maps used:
D:1:      dpeg_arrival_tiny_d
D:2:      regret_index_temple_of_mockery, nicolae_overflow_hidden_temple,
          grunt_qazlal_sundering, fiery_altar_vehumet
D:3:      first_bread, uniq_terence

Skill      XL: |  1  2  3  4 |
---------------+-------------+-----
Stealth        | 1 2 4 |  4.1
Dodging        | 3 |  3.0
Axes           | 4 5 |  5.2
Armour         | 1 |  1.5
Fighting       | |  2.0
Throwing       | |  1.7

Action                   |  1- 3 |  4- 6 || total
-------------------------+-------+-------++-------
Melee: War axe           |   110 |    72 ||   182
 Abil: Spit Poison       |    10 |     1 ||    11
  Use: Potion            |       |     3 ||     3
       Scroll            |       |     1 ||     1
 Stab: Sleeping          |     5 |       ||     5
  Eat: Meat ration       |     1 |       ||     1
Armor: Leather armour    |    40 |       ||    40
       Ring mail         |     6 |    38 ||    44
       Skin              |       |    34 ||    34
Dodge: Dodged            |    82 |    50 ||   132

Table legend:
 A = Spawn XP
 B = Non-spawn XP
 C = Spawn XP percentage of total XP
 D = Spawn monster count
 E = Non-spawn monster count
 F = Spawn count percentage of total count
 G = Total turns spent on level
                    A         B        C        D         E        F      G
               +---------+---------+-------+---------+---------+-------+---------
         Total |      52 |     349 |  13.0 |       9 |      55 |  14.1 |  2590
               +---------+---------+-------+---------+---------+-------+---------
           D:1 |       8 |      41 |  16.3 |       4 |      23 |  14.8 |  1212
           D:2 |       2 |      26 |   7.1 |       1 |      12 |   7.7 |   950
           D:3 |      42 |     282 |  13.0 |       4 |      20 |  16.7 |   428
               +---------+---------+-------+---------+---------+-------+---------
